[Event "fics rated crazyhouse match"]
[Site "fics, Oklahoma City, OK USA"]
[Date "2000.10.11"]
[White "Fudpucker"]
[WhiteElo "2147"]
[Black "liveZ"]
[BlackElo "2376"]
[TimeControl "120+0"]
[Result "1-0"]

1. e4 e6 2. d4 Nc6 3. Bd3 Nf6 4. Nf3 d6 5. Nc3 e5 6. d5 
Nd4 7. Nxd4 exd4 8. Nb5 Bg4 9. f3 N@h4 10. O-O c5 11. fxg4 Be7 
12. Bg5 Ng6 13. N@c7+ Kf8 14. Nxa8 Qxa8 15. B@h6 Rg8 16. Bxg7+ Rxg7 17. Bh6 
B@e3+ 18. Bxe3 dxe3 19. g5 B@f2+ 20. Kh1 Nd7 21. B@h6 Nde5 22. Bxg7+ Kxg7 
23. P@f6+ Bxf6 24. gxf6+ Kxf6 25. R@f5+ Ke7 26. B@f6+ Kd7 27. Bxe5 Nxe5 28. N@f6+ 
Ke7 29. R@c7+ P@d7 30. Nxd7 Nxd7 31. Rxd7+ Kxd7 32. Rxf7+ P@e7 33. P@e6+ Kc8 
34. Rf8+ B@e8 35. Rxe8+ B@d8 36. P@d7+ Kb8 37. Rxd8+ R@c8 38. Rxc8# 
{liveZ checkmated} 1-0

[Event "fics rated crazyhouse match"]
[Site "fics, Oklahoma City, OK USA"]
[Date "2000.10.11"]
[White "liveZ"]
[WhiteElo "2363"]
[Black "Fudpucker"]
[BlackElo "2160"]
[TimeControl "120+0"]
[Result "1-0"]

1. e4 e6 2. d3 Nc6 3. Nf3 Nf6 4. Nc3 d6 5. Be2 Be7 6. O-O 
O-O 7. Ng5 h6 8. f4 hxg5 9. fxg5 Nd7 10. P@h6 Bxg5 11. hxg7 Kxg7 
12. Bxg5 Qxg5 13. B@f4 N@h3+ 14. Kh1 Nxf4 15. Rxf4 Qxf4 16. N@h5+ Kg8 17. Nxf4 
P@g7 18. Nh5 P@g6 19. P@h6 gxh5 20. hxg7 Kxg7 21. Qd2 P@h6 22. P@g5 R@g6 
23. gxh6+ Rxh6 24. P@g5 Rg6 25. Bxh5 f6 26. P@h6+ Kh7 27. Bxg6+ Kxg6 28. Q@g7+ 
Kh5 
{Fudpucker resigns} 1-0

[Event "fics rated crazyhouse match"]
[Site "fics, Oklahoma City, OK USA"]
[Date "2000.10.11"]
[White "Fudpucker"]
[WhiteElo "2156"]
[Black "liveZ"]
[BlackElo "2367"]
[TimeControl "120+0"]
[Result "0-1"]

1. e4 e6 2. d4 d5 3. exd5 exd5 4. Nf3 Nf6 5. Nc3 Bb4 6. Bg5 
P@a3 7. P@d2 axb2 8. Rb1 Bxc3 9. dxc3 N@e4 10. B@d2 P@h6 11. Bxf6 Qxf6 
12. Rxb2 B@h5 13. Be2 Bcg4 14. P@e5 Qd8 15. Rxb7 Nxd2 16. Qxd2 Bxf3 17. gxf3 
B@f4 18. P@e3 N@g2+ 19. Kd1 Nh4 20. B@g4 Bxg4 21. fxg4 B@f3 22. Bxf3 Nxf3 
23. Qe2 B@g2 24. Rg1 Nxg1 25. Rxb8 Rxb8 26. B@c6+ Kf8 27. B@f6 Rb1+ 28. N@c1 
Rxc1+ 29. Kxc1 Nxe2+ 30. Kb2 R@b1+ 31. Ka3 Q@b2+ 32. Ka4 R@a3# 
{Fudpucker checkmated} 0-1

[Event "fics rated crazyhouse match"]
[Site "fics, Oklahoma City, OK USA"]
[Date "2000.10.11"]
[White "liveZ"]
[WhiteElo "2371"]
[Black "Fudpucker"]
[BlackElo "2152"]
[TimeControl "120+0"]
[Result "1-0"]

1. e4 e6 2. d4 Nc6 3. Nf3 Nf6 4. Bg5 Be7 5. Nc3 d6 6. Be2 
O-O 7. O-O Bd7 8. e5 Nd5 9. Nxd5 exd5 10. Bxe7 Qxe7 11. B@h4 f6 
12. N@h5 dxe5 13. dxe5 Nxe5 14. Nxe5 Qxe5 15. Bg3 Qe6 16. Bg4 Qxg4 17. Qxg4 
Bxg4 18. N@h6# 
{Fudpucker resigns} 1-0

[Event "fics rated crazyhouse match"]
[Site "fics, Oklahoma City, OK USA"]
[Date "2000.10.12"]
[White "liveZ"]
[WhiteElo "2381"]
[Black "MyPartner"]
[BlackElo "2364"]
[TimeControl "180+0"]
[Result "1-0"]

1. e4 e6 2. d4 Nf6 3. Bg5 Bb4+ 4. c3 Be7 5. Nd2 Nc6 6. Ngf3 
d6 7. Bd3 Bd7 8. O-O h5 9. e5 dxe5 10. dxe5 Ng4 11. Bxe7 Qxe7 
12. P@d6 cxd6 13. exd6 Qxd6 14. Ne4 Qc7 15. B@g3 P@f4 16. P@d6 Qb6 17. Bxf4 
P@f5 18. Neg5 Qxb2 19. Nxf7 Kxf7 20. Ng5+ Kf8 21. P@e7+ Nxe7 22. dxe7+ Ke8 
23. P@f7+ Kxe7 24. N@g6+ Kf6 25. Nxh8 Nxh2 26. Kxh2 Rxh8 27. N@g8+ Rxg8 28. fxg8=N+ 
Kg6 29. Qxh5+ Kxh5 30. R@h3+ N@h4 31. Rxh4+ Kxh4 32. g3+ Kh5 33. R@h4+ Kg6 
34. N@h8# 
{MyPartner checkmated} 1-0

[Event "fics rated crazyhouse match"]
[Site "fics, Oklahoma City, OK USA"]
[Date "2000.10.14"]
[White "Flesh"]
[WhiteElo "2114"]
[Black "venomous"]
[BlackElo "2426"]
[TimeControl "60+0"]
[Result "0-1"]

1. e4 e6 2. d4 Nc6 3. Nc3 Nf6 4. Bg5 Be7 5. Bxf6 Bxf6 6. Nf3 
B@a5 7. Be2 d5 8. e5 Bg5 9. N@h5 Rg8 10. h4 Be7 11. Nxg7+ Rxg7 
12. P@f6 Rxg2 13. fxe7 Qxe7 14. Rg1 Rxg1+ 15. Nxg1 R@h1 16. R@g8+ N@f8 17. B@f6 
P@h2 18. Bxe7 hxg1=Q+ 19. Rxg1 Rxg1+ 20. Kd2 Bxc3+ 21. Kxc3 N@e4+ 22. Kb3 P@c4+ 
23. Ka3 Rxd1 24. B@b5 R@a5+ 25. P@a4 Rxb5 26. axb5 a5 27. bxc6 Q@b4+ 28. Bxb4 
axb4+ 29. Kxb4 B@a5+ 30. Kb5 N@d6+ 31. Ka4 Bc3+ 32. P@a5 Rxa5# 
{Flesh checkmated} 0-1

[Event "fics rated crazyhouse match"]
[Site "fics, Oklahoma City, OK USA"]
[Date "2000.10.14"]
[White "venomous"]
[WhiteElo "2429"]
[Black "jtp"]
[BlackElo "2306"]
[TimeControl "120+0"]
[Result "0-1"]

1. e4 Nf6 2. Nc3 d5 3. exd5 Nxd5 4. Bc4 e6 5. Nf3 Bb4 6. O-O 
Bxc3 7. dxc3 Nc6 8. Bxd5 exd5 9. N@h5 Rg8 10. B@h4 B@e7 11. Bxe7 Qxe7 
12. Qxd5 B@e4 13. Qxe4 Qxe4 14. Re1 N@e2+ 15. Kf1 Q@h1+ 16. B@g1 Qxf3 17. Rxe2+ 
Qxe2+ 18. Kxe2 N@d4+ 19. cxd4 Nxd4+ 20. Kd3 Bf5+ 21. P@e4 Bxe4+ 22. Kxd4 Rd8+ 
23. Kc3 P@d4+ 24. Kb3 P@c4+ 25. Ka3 R@a6+ 26. P@a4 Qxg2 27. B@d7+ Rxd7 28. Q@c8+ 
B@d8 29. Qxd7+ Kxd7 30. N@c5+ Kc6 31. N@e5+ Kxc5 32. R@b5+ Kd6 33. Nxc4+ Ke7 
34. Re5+ P@e6 35. P@d6+ cxd6 36. N@c8+ Kd7 37. N8xd6 P@b4+ 38. Kxb4 N@c6# 
{venomous resigns} 0-1

[Event "fics rated crazyhouse match"]
[Site "fics, Oklahoma City, OK USA"]
[Date "2000.10.16"]
[White "Flesh"]
[WhiteElo "2102"]
[Black "venomous"]
[BlackElo "2416"]
[TimeControl "60+0"]
[Result "1-0"]

1. e4 e6 2. d4 Nc6 3. Nc3 Nf6 4. Bg5 Be7 5. Bxf6 Bxf6 6. e5 
Bg5 7. Nf3 B@a5 8. Bb5 a6 9. Bxc6 dxc6 10. N@h5 B@h6 11. N@g4 O-O 
12. Nxh6+ Bxh6 13. B@f6 gxf6 14. Nxf6+ Kh8 15. Ng4 B@g5 16. Nxg5 Qxg5 17. B@f6+ 
Qxf6 18. exf6 B@g5 19. P@g7+ Bxg7 20. fxg7+ Kxg7 21. B@h6+ Bxh6 22. Q@f6# 
{venomous resigns} 1-0

[Event "fics rated crazyhouse match"]
[Site "fics, Oklahoma City, OK USA"]
[Date "2000.10.16"]
[White "venomous"]
[WhiteElo "2399"]
[Black "Flesh"]
[BlackElo "2116"]
[TimeControl "60+0"]
[Result "1-0"]

1. e4 Nf6 2. Nc3 d5 3. exd5 Nxd5 4. Bc4 e6 5. Nh3 Nxc3 6. bxc3 
Nc6 7. d4 Be7 8. O-O P@d5 9. Bd3 e5 10. N@h5 Bxh3 11. Nxg7+ Kd7 
12. gxh3 e4 13. B@g4+ N@e6 14. Nxe6 fxe6 15. Bb5 N@f3+ 16. Bxf3 exf3 17. N@e5+ 
Kc8 18. Bxc6 N@e2+ 19. Qxe2 fxe2 20. Bxb7+ Kxb7 21. P@c6+ Ka6 22. P@b5+ Kxb5 
23. a4+ Ka5 24. N@b3+ Kb6 25. N@d7+ Ka6 26. P@b5# 
{Flesh checkmated} 1-0

[Event "fics rated crazyhouse match"]
[Site "fics, Oklahoma City, OK USA"]
[Date "2000.10.16"]
[White "Flesh"]
[WhiteElo "2113"]
[Black "venomous"]
[BlackElo "2402"]
[TimeControl "60+0"]
[Result "0-1"]

1. e4 e6 2. d4 Nc6 3. Nc3 Be7 4. e5 d6 5. exd6 cxd6 6. Nf3 
Nf6 7. Bf4 O-O 8. P@e5 dxe5 9. dxe5 Nd5 10. Nxd5 exd5 11. N@h5 N@g6 
12. Nxg7 Nxf4 13. P@f6 B@a5+ 14. c3 Bxf6 15. exf6 Qxf6 16. B@e5 Nxe5 17. Nxe5 
Qxe5+ 18. P@e3 B@g6 19. N@d3 Nxd3+ 20. Bxd3 Qxg7 21. Bxg6 fxg6 22. B@d4 P@e5 
23. Bc5 Rxf2 24. N@e7+ Kh8 25. Kxf2 N@e4+ 26. Kf1 B@b5+ 27. R@e2 P@h3 28. Nxd5 
hxg2+ 29. Kxg2 P@h3+ 30. Kf3 N@g5# 
{Flesh checkmated} 0-1

[Event "fics rated crazyhouse match"]
[Site "fics, Oklahoma City, OK USA"]
[Date "2000.10.16"]
[White "venomous"]
[WhiteElo "2405"]
[Black "Flesh"]
[BlackElo "2110"]
[TimeControl "60+0"]
[Result "1-0"]

1. e4 d5 2. exd5 e6 3. Bb5+ c6 4. dxc6 Nxc6 5. Be2 Bc5 6. P@e3 
Nf6 7. d4 Be7 8. Nc3 e5 9. dxe5 Qxd1+ 10. Bxd1 Nxe5 11. P@f4 Neg4 
12. Bxg4 Bxg4 13. N@c7+ Kf8 14. Nxa8 B@b4 15. R@b8+ Ne8 16. Bd2 Bxc3 17. Bxc3 
h6 18. P@f3 Be6 19. Nc7 P@b4 20. Rxe8# 
{Flesh checkmated} 1-0

[Event "fics rated crazyhouse match"]
[Site "fics, Oklahoma City, OK USA"]
[Date "2000.10.16"]
[White "Flesh"]
[WhiteElo "2107"]
[Black "venomous"]
[BlackElo "2408"]
[TimeControl "60+0"]
[Result "0-1"]

1. d4 e6 2. e4 Nf6 3. Bg5 Be7 4. Bxf6 Bxf6 5. e5 Bg5 6. Nf3 
B@h5 7. N@e4 Be7 8. Be2 Nc6 9. Nbc3 O-O 10. d5 exd5 11. Nxd5 d6 
12. P@f6 dxe5 13. fxe7 Nxe7 14. Nxe7+ Qxe7 15. N@d5 Qe6 16. Nfg5 Bxe2 17. Nxe6 
fxe6 18. B@f6 Bxd1 19. Rxd1 B@b4+ 20. Nxb4 gxf6 21. B@e7 P@d2+ 22. Rxd2 Q@c1+ 
23. Q@d1 Qxd1+ 24. Rxd1 N@h4 25. Q@g3+ B@g5 26. Nxg5 P@d2+ 27. Rxd2 Q@c1+ 28. B@d1 
Qxd2+ 29. Kxd2 N@c4+ 30. Kc3 R@g6 31. Bxf8 fxg5 32. P@g7 N@e4+ 33. Kxc4 P@d5+ 
34. Nxd5 exd5+ 35. Kxd5 Be6+ 36. Kxe4 N@c5+ 37. Kxe5 Nf3+ 38. Qxf3 Rxg7 39. P@f7+ 
Rxf7 40. Q@h8+ Kxh8 41. Qxf7 Bxf7 42. P@g7+ Kg8 
{Flesh forfeits on time} 0-1

[Event "fics rated crazyhouse match"]
[Site "fics, Oklahoma City, OK USA"]
[Date "2000.10.16"]
[White "venomous"]
[WhiteElo "2411"]
[Black "Flesh"]
[BlackElo "2105"]
[TimeControl "60+0"]
[Result "1-0"]

1. e4 d5 2. exd5 e6 3. Bb5+ Bd7 4. dxe6 fxe6 5. Bxd7+ Qxd7 6. Nf3 
Nf6 7. Ne5 Qd5 8. P@f7+ Ke7 9. d4 B@e4 10. P@f3 Bg6 11. Nc3 Qa5 
12. Bd2 Nc6 13. Nxc6+ bxc6 14. N@e5 P@b4 15. Nxc6+ Kd7 16. Nxa5 bxc3 17. B@c6+ 
Ke7 18. Bxa8 Kxf7 19. bxc3 N@h4 20. Rg1 P@e4 21. fxe4 Bxe4 22. Bxe4 Nxe4 
23. Q@h5+ N@g6 24. P@d7 Ba3 25. B@e8+ Rxe8 26. dxe8=Q+ Kxe8 27. P@b7 B@b8 28. R@c8+ 
B@d8 29. Rxb8 Nxd2 30. Qxd2 B@f4 31. B@a4+ c6 32. Qxf4 P@f7 33. P@c7 Nxf4 
34. cxd8=Q# 
{Flesh checkmated} 1-0

[Event "fics rated crazyhouse match"]
[Site "fics, Oklahoma City, OK USA"]
[Date "2000.10.16"]
[White "Flesh"]
[WhiteElo "2103"]
[Black "venomous"]
[BlackElo "2414"]
[TimeControl "60+0"]
[Result "1-0"]

1. e4 e6 2. d4 Nc6 3. Nc3 Be7 4. Bf4 Nf6 5. e5 Nd5 6. Nxd5 
exd5 7. N@d6+ cxd6 8. exd6 Bf6 9. P@c7 Qxc7 10. dxc7 O-O 11. Nf3 P@e4 
12. Ne5 Bxe5 13. dxe5 N@g6 14. B@f6 gxf6 15. exf6 N@e6 16. P@g7 Re8 17. Qh5 
Nexf4 18. Qxg6 fxg6 19. N@h6# 
{venomous checkmated} 1-0

[Event "fics rated crazyhouse match"]
[Site "fics, Oklahoma City, OK USA"]
[Date "2000.10.16"]
[White "venomous"]
[WhiteElo "2399"]
[Black "Flesh"]
[BlackElo "2117"]
[TimeControl "60+0"]
[Result "1-0"]

1. e4 d5 2. exd5 e6 3. Bb5+ Bd7 4. dxe6 Bxb5 5. exf7+ Kxf7 6. Qh5+ 
P@g6 7. Qxb5 B@c6 8. Qb3+ Bd5 9. P@c4 Bxg2 10. B@f3 Bxf3 11. Nxf3 Qe8+ 
12. P@e5 B@g2 13. Rg1 Bxf3 14. Qxf3+ P@f5 15. B@d5+ N@e6 16. Bxe6+ Kxe6 17. B@d5+ 
Ke7 18. Bxb7 B@c6 19. Bxc6 Nxc6 20. N@d5+ Kd8 21. B@b7 Nxe5 22. Qe2 Nf3+ 
23. Kd1 Qxe2+ 24. Kxe2 Nxg1+ 25. Kd3 Q@e4+ 26. Kc3 Ne2+ 27. Kb3 Nd4+ 28. Ka4 
Qxc2+ 29. b3 P@b5+ 30. cxb5 R@c4+ 31. P@b4 Rxb4+ 32. Nxb4 
{Flesh forfeits on time} 1-0

[Event "fics rated crazyhouse match"]
[Site "fics, Oklahoma City, OK USA"]
[Date "2000.10.16"]
[White "Flesh"]
[WhiteElo "2114"]
[Black "venomous"]
[BlackElo "2402"]
[TimeControl "60+0"]
[Result "0-1"]

1. e4 e6 2. d4 Nc6 3. Nc3 Nf6 4. Bg5 Be7 5. Bxf6 Bxf6 6. e5 
Be7 7. Nf3 B@h5 8. Be2 d5 9. Nb5 Bd7 10. Nxc7+ Qxc7 11. P@d6 Bxd6 
12. exd6 Qxd6 13. B@e5 Nxe5 14. dxe5 Qb4+ 15. Kf1 O-O 16. N@d3 Qe7 17. Nf4 
P@h3 18. Nxh5 hxg2+ 19. Kxg2 P@h3+ 20. Kxh3 P@g4+ 21. Kxg4 f5+ 22. Kg3 N@e4+ 
23. Kg2 B@g4 24. P@d6 Bxf3+ 25. Bxf3 N@h4+ 26. Kg1 Qg5+ 27. P@g2 Nxf3+ 28. Qxf3 
B@g4 29. N@e7+ Kh8 30. P@f6 Bxf3 31. fxg7+ Qxg7 32. B@f6 Rxf6 33. exf6 Qxg2# 
{Flesh checkmated} 0-1

[Event "fics rated crazyhouse match"]
[Site "fics, Oklahoma City, OK USA"]
[Date "2000.10.16"]
[White "venomous"]
[WhiteElo "2405"]
[Black "Flesh"]
[BlackElo "2111"]
[TimeControl "60+0"]
[Result "0-1"]

1. e4 d5 2. exd5 e6 3. Bb5+ c6 4. dxc6 Nxc6 5. d4 Nf6 6. Bg5 
Be7 7. P@e5 Nd5 8. Bxe7 Qxe7 9. P@d6 Qg5 10. B@f3 O-O 11. Nh3 Qh6 
12. Bxd5 exd5 13. Bxc6 Bxh3 14. N@e7+ Kh8 15. gxh3 N@g2+ 16. Kf1 Nh4 17. B@f3 
Nxf3 18. Qxf3 B@e4 19. Qxe4 dxe4 20. Bxe4 Qxh3+ 21. B@g2 Q@d1+ 22. N@e1 P@e2+ 
23. Kg1 Qxe1+ 24. N@f1 exf1=Q+ 25. Bxf1 Qexf1# 
{venomous checkmated} 0-1

[Event "fics rated crazyhouse match"]
[Site "fics, Oklahoma City, OK USA"]
[Date "2000.10.16"]
[White "Flesh"]
[WhiteElo "2124"]
[Black "venomous"]
[BlackElo "2391"]
[TimeControl "60+0"]
[Result "1-0"]

1. e4 e6 2. d4 b6 3. Nc3 Bb7 4. Nf3 Bb4 5. Bd3 Nf6 6. Bg5 
h6 7. Bh4 Be7 8. Bxf6 Bxf6 9. e5 Bg5 10. Nxg5 Qxg5 11. B@f3 Bxf3 
12. Qxf3 B@c6 13. d5 Qxe5+ 14. N@e3 exd5 15. Nxd5 Bxd5 16. Qxd5 P@d2+ 17. Kxd2 
Qxd5 18. Nxd5 B@g5+ 19. B@e3 Bxe3+ 20. fxe3 B@d6 21. P@e5 Q@a5+ 22. B@c3 Qxd5 
23. exd6 N@e4+ 24. Ke2 N@g3+ 25. hxg3 Nxg3+ 26. Kd2 N@e4+ 27. Kc1 Nxd6 28. Bxg7 
P@e7 29. Bxh8 Nxh1 30. Q@g8+ R@f8 31. N@g7+ Kd8 32. R@e8+ Nxe8 33. Qxf8 R@e1+ 
34. Kd2 Qxg2+ 35. Kc3 Qxc2+ 36. Kxc2 P@b3+ 37. Kxb3 
{venomous forfeits on time} 1-0

[Event "fics rated crazyhouse match"]
[Site "fics, Oklahoma City, OK USA"]
[Date "2000.10.16"]
[White "venomous"]
[WhiteElo "2377"]
[Black "Flesh"]
[BlackElo "2137"]
[TimeControl "60+0"]
[Result "1-0"]

1. e4 Nf6 2. Nc3 d5 3. exd5 Nxd5 4. Bc4 e6 5. Nf3 Nxc3 6. bxc3 
Nc6 7. O-O N@e5 8. Nxe5 Nxe5 9. Bb5+ P@c6 10. Be2 N@h4 11. d4 Nxg2 
12. Kxg2 P@f3+ 13. Bxf3 Nxf3 14. Qxf3 Bd7 15. Re1 Bd6 16. P@e5 Be7 17. N@h5 
Rg8 18. P@g3 B@g6 19. Nf4 c5 20. dxc5 Bxc5 21. Nxg6 hxg6 22. P@h7 Rh8 
23. B@g8 Qe7 24. Bxf7+ Kd8 25. Bxg6 Bc6 26. P@e4 N@f5 27. Bxf5 exf5 28. N@g6 
Qd7 29. Nxh8 Bxe4 30. R@g8+ B@f8 31. Bg5+ Kc8 32. N@f7 Bxf3+ 33. Kxf3 P@g4+ 
34. Ke2 
{Flesh forfeits on time} 1-0

[Event "fics rated crazyhouse match"]
[Site "fics, Oklahoma City, OK USA"]
[Date "2000.10.16"]
[White "Flesh"]
[WhiteElo "2134"]
[Black "venomous"]
[BlackElo "2380"]
[TimeControl "60+0"]
[Result "1-0"]

1. e4 e6 2. d4 Nc6 3. Nc3 Nf6 4. Bg5 Be7 5. Bxf6 Bxf6 6. Nf3 
B@h5 7. e5 Be7 8. Bd3 d6 9. exd6 cxd6 10. P@e5 dxe5 11. dxe5 P@d4 
12. Nb5 P@e3 13. N@d6+ Bxd6 14. Nxd6+ Qxd6 15. exd6 exf2+ 16. Kxf2 N@g4+ 17. Kg3 
O-O 18. P@e7 Re8 19. B@f8 P@f5 20. Bxg7 Kxg7 21. P@f6+ Nxf6 22. P@h6+ Kxh6 
23. Q@g5# 
{venomous checkmated} 1-0

[Event "fics rated crazyhouse match"]
[Site "fics, Oklahoma City, OK USA"]
[Date "2000.10.16"]
[White "venomous"]
[WhiteElo "2367"]
[Black "Flesh"]
[BlackElo "2147"]
[TimeControl "60+0"]
[Result "1-0"]

1. e4 d5 2. exd5 e6 3. Bb5+ Bd7 4. dxe6 fxe6 5. Bxd7+ Nxd7 6. Nf3 
Be7 7. d4 Ngf6 8. Nc3 O-O 9. P@e5 Nd5 10. Nxd5 exd5 11. B@e6+ P@f7 
12. Bxd5 Nxe5 13. dxe5 Qxd5 14. Qxd5 Rad8 15. N@f5 Rxd5 16. N@h6+ Kh8 17. Q@g8# 
{Flesh resigns} 1-0

[Event "fics rated crazyhouse match"]
[Site "fics, Oklahoma City, OK USA"]
[Date "2000.10.16"]
[White "Flesh"]
[WhiteElo "2143"]
[Black "venomous"]
[BlackElo "2371"]
[TimeControl "60+0"]
[Result "1-0"]

1. e4 e6 2. d4 b6 3. Nc3 Bb7 4. Nf3 Nc6 5. Bd3 Nf6 6. e5 
Nd5 7. Nxd5 exd5 8. Bg5 Be7 9. Bxe7 Qxe7 10. N@f5 Qf8 11. B@f6 gxf6 
12. exf6 Rg8 13. P@g7 Qb4+ 14. c3 Qxb2 15. Qe2+ Qxe2+ 16. Bxe2 N@c2+ 17. Kf1 
O-O-O 18. Ne7+ Nxe7 19. fxe7 Rde8 20. N@a6 N@e3+ 21. fxe3 Nxe3+ 22. Kg1 P@f2+ 
23. Kxf2 Ng4+ 24. Ke1 Q@f2+ 25. Kd1 Qxe2+ 26. Kxe2 Bxa6+ 27. P@d3 Rxe7+ 28. N@e5 
Nxe5 29. Nxe5 N@f4+ 30. Kf3 B@e2+ 31. Kxf4 B@d2+ 32. N@e3 N@e6+ 33. Kg3 Rxg7+ 
34. N@g5 P@f4+ 35. Kf2 Bxe3+ 36. Kxe2 Nxg5 37. Q@a8+ B@b8 38. Q@f8+ N@e8 39. Qxe7 
P@f3+ 40. gxf3 Bxd3+ 41. Kxd3 P@c4+ 42. Kc2 P@d3+ 43. Kb2 N@a4+ 44. Ka3 Bc1+ 
45. Kxa4 b5+ 46. Ka5 
{venomous forfeits on time} 1-0

[Event "fics rated crazyhouse match"]
[Site "fics, Oklahoma City, OK USA"]
[Date "2000.10.17"]
[White "Gobi"]
[WhiteElo "2384"]
[Black "MyPartner"]
[BlackElo "2359"]
[TimeControl "180+0"]
[Result "0-1"]

1. e4 e6 2. Nf3 Nf6 3. Nc3 d6 4. d4 Nc6 5. Bg5 Bd7 6. e5 
dxe5 7. dxe5 P@g4 8. exf6 gxf6 9. Bxf6 Qxf6 10. P@g5 Qd8 11. N@f6+ Qxf6 
12. gxf6 gxf3 13. P@g7 P@e2 14. gxf8=Q+ Rxf8 15. Nxe2 fxe2 16. Bxe2 N@f4 17. Q@g7 
B@b4+ 18. P@c3 N@f5 19. Qg4 Nxe2 20. Qdxe2 N@d4 21. P@g7 Nxe2 22. gxf8=Q+ Bxf8 
23. Qxe2 P@e3 24. fxe3 B@h4+ 25. P@f2 Bxf6 26. N@b5 Q@a5 27. N@b3 Qb6 28. e4 
Nh4 29. R@g4 Ne5 30. Rxh4 Bxb5 31. B@a4 Bxa4 32. Rf4 Bxb3 
{Gobi forfeits on time} 0-1

[Event "fics rated crazyhouse match"]
[Site "fics, Oklahoma City, OK USA"]
[Date "2000.10.17"]
[White "MyPartner"]
[WhiteElo "2368"]
[Black "Gobi"]
[BlackElo "2375"]
[TimeControl "180+0"]
[Result "0-1"]

1. e4 e5 2. Bc4 Nc6 3. d3 Nf6 4. Bg5 Be7 5. Nc3 O-O 6. Bxf6 
Bxf6 7. N@d5 d6 8. Nf3 Bg4 9. Nxf6+ Qxf6 10. Nd5 Qd8 11. h3 Bxf3 
12. Qxf3 Nd4 13. Qd1 B@g5 14. B@a5 N@h4 15. Bxc7 Nxg2+ 16. Kf1 Qxc7 17. Nxc7 
N@e3+ 18. fxe3 Nxe3+ 19. Kg1 P@f2+ 20. Kh2 P@g3+ 21. Kxg3 B@h4+ 22. Kh2 Bf4+ 
23. P@g3 Bhxg3# 
{MyPartner checkmated} 0-1

[Event "fics rated crazyhouse match"]
[Site "fics, Oklahoma City, OK USA"]
[Date "2000.10.17"]
[White "Gobi"]
[WhiteElo "2383"]
[Black "MyPartner"]
[BlackElo "2360"]
[TimeControl "180+0"]
[Result "1-0"]

1. e4 Nf6 2. Nc3 d5 3. exd5 Nxd5 4. Bc4 e6 5. Nf3 Nf4 6. Rg1 
P@h3 7. gxh3 Nxh3 8. Rg3 Nxf2 9. Kxf2 P@f4 10. Rg2 P@d5 11. Bb5+ Bd7 
12. d4 Bxb5 13. Nxb5 a6 14. Nc3 B@e3+ 15. Bxe3 fxe3+ 16. Kxe3 B@b4 17. Ne2 
c5 18. B@e5 cxd4+ 19. Nexd4 Bbd6 20. Bxd6 Qxd6 21. B@e5 Qc5 22. N@c7+ Qxc7 
23. Bxc7 N@c4+ 24. Ke2 Nd7 25. P@c6 Nxb2 26. cxd7+ Kxd7 27. Ne5+ Kxc7 28. Q@d7+ 
Kb6 29. B@c7+ Kc5 30. Nb3+ Kb4 31. a3+ Kc3 32. P@d2# 
{MyPartner checkmated} 1-0

[Event "fics rated crazyhouse match"]
[Site "fics, Oklahoma City, OK USA"]
[Date "2000.10.17"]
[White "MyPartner"]
[WhiteElo "2359"]
[Black "Gobi"]
[BlackElo "2390"]
[TimeControl "180+0"]
[Result "0-1"]

1. e4 Nc6 2. d4 d5 3. e5 a6 4. a3 Bf5 5. Nc3 e6 6. Be3 
Bg6 7. h4 h6 8. Qe2 Nge7 9. h5 Bh7 10. Nf3 Nf5 11. Rc1 Be7 
12. Rh2 Qd7 13. Qd2 Nxe3 14. Qxe3 B@g5 15. N@f4 Bf5 16. Bd3 Bxd3 17. cxd3 
Bxf4 18. Qxf4 B@g5 19. Nxg5 Bxg5 20. Qxg5 hxg5 21. Ne2 N@b3 22. Rc2 Ncxd4 
23. Nxd4 Nxd4 24. B@d1 Nxc2+ 25. Bxc2 Q@c1+ 26. B@d1 P@d2+ 27. Ke2 N@d4+ 28. Kf1 
R@e1# 
{MyPartner checkmated} 0-1

[Event "fics rated crazyhouse match"]
[Site "fics, Oklahoma City, OK USA"]
[Date "2000.10.17"]
[White "Gobi"]
[WhiteElo "2397"]
[Black "MyPartner"]
[BlackElo "2352"]
[TimeControl "180+0"]
[Result "0-1"]

1. e4 Nf6 2. e5 Nd5 3. Nc3 e6 4. Nf3 d6 5. exd6 Bxd6 6. Nxd5 
exd5 7. d4 P@e4 8. Ne5 Bxe5 9. dxe5 Nc6 10. P@f6 gxf6 11. exf6 Qxf6 
12. B@g5 Qxf2+ 13. Kxf2 N@g4+ 14. Qxg4 Bxg4 15. N@f6+ Kd8 16. Nxg4+ N@e7 17. B@c5 
Q@f5+ 18. Q@f4 Qxf4+ 19. Bcxf4 P@d6 20. Bxe7+ Nxe7 21. N@f6 B@h4+ 22. P@g3 Q@f5 
23. N@e3 Qxf4+ 24. Ke1 B@a5+ 25. c3 Qxf6 26. Nxf6 Bxf6 27. Q@b5 Baxc3+ 28. bxc3 
Bxc3+ 29. Kf2 N@c6 30. Rd1 dxc5 31. B@g4 N@e5 32. Q@g5 P@f6 
{Gobi forfeits on time} 0-1

[Event "fics rated crazyhouse match"]
[Site "fics, Oklahoma City, OK USA"]
[Date "2000.10.17"]
[White "MyPartner"]
[WhiteElo "2361"]
[Black "Gobi"]
[BlackElo "2388"]
[TimeControl "180+0"]
[Result "1-0"]

1. e4 Nc6 2. d4 Nf6 3. Nc3 e5 4. d5 Nd4 5. Nf3 Nxf3+ 6. gxf3 
Bc5 7. N@f5 Rg8 8. d6 cxd6 9. Nxd6+ Bxd6 10. Qxd6 N@c6 11. P@c7 Qe7 
12. Qxe7+ Kxe7 13. B@h4 P@e6 14. Bxf6+ gxf6 15. N@d5+ exd5 16. Nxd5+ Kd6 17. b4 
N@a4 18. P@c5+ Nxc5 19. bxc5+ Kxc5 20. Q@c4+ Kd6 21. N@f5+ Ke6 22. Nf4# 
{Gobi checkmated} 1-0

[Event "fics rated crazyhouse match"]
[Site "fics, Oklahoma City, OK USA"]
[Date "2000.10.17"]
[White "Gobi"]
[WhiteElo "2379"]
[Black "MyPartner"]
[BlackElo "2370"]
[TimeControl "180+0"]
[Result "1-0"]

1. e4 e6 2. Nc3 d6 3. d4 Nf6 4. Be2 Nc6 5. Nf3 d5 6. exd5 
Nxd5 7. Bg5 Nxc3 8. bxc3 P@f6 9. Be3 N@g4 10. O-O Nxe3 11. fxe3 B@b2 
12. N@e4 f5 13. Neg5 Be7 14. Nxf7 Kxf7 15. N@e5+ Kf8 16. Nxc6 bxc6 17. Ne5 
N@d5 18. P@d2 Bxa1 19. Qxa1 N@a3 20. Qb2 R@b6 21. P@b4 Nxc2 22. Qxc2 P@f7 
23. Nxf7 Kxf7 24. N@e5+ Kg8 25. N@f7 Qe8 26. Nxh8 Kxh8 27. P@f7 N@h3+ 28. gxh3 
Qf8 29. R@g8+ Qxg8 30. fxg8=Q+ Kxg8 31. B@f7+ Kh8 32. Q@g8# 
{MyPartner checkmated} 1-0

[Event "fics rated crazyhouse match"]
[Site "fics, Oklahoma City, OK USA"]
[Date "2000.10.17"]
[White "MyPartner"]
[WhiteElo "2362"]
[Black "Gobi"]
[BlackElo "2387"]
[TimeControl "180+0"]
[Result "1-0"]

1. e4 Nc6 2. d4 Nf6 3. Nc3 e6 4. Nf3 Bb4 5. Bg5 Nxe4 6. Bxd8 
Nxc3 7. bxc3 Bxc3+ 8. Nd2 Kxd8 9. N@g5 B@g6 10. Q@f3 Bxd2+ 11. Qxd2 P@f6 
12. Nxf7+ Bxf7 13. P@b2 d5 14. Qg4 N@f5 15. B@c3 N@e4 16. Qdd1 P@e3 17. fxe3 
N@f2 18. Qxe4 Nxe4 19. Qe2 e5 20. dxe5 fxe5 21. P@f2 P@b4 22. Bd2 Nxd2 
23. Qxd2 d4 24. P@b5 B@c3 25. bxc3 bxc3 26. Qd1 Q@d2+ 27. Qxd2 cxd2+ 28. Ke2 
dxe3 29. B@g5+ P@f6 30. Bxe3 Ncd4+ 31. Kxd2 Nxe3 32. P@e7+ Kxe7 33. Q@a3+ P@d6 
34. fxe3 B@c5 35. Qd3 Nxb5 36. Qxb5 Bxe3+ 37. Kxe3 
{Gobi forfeits on time} 1-0

[Event "fics rated crazyhouse match"]
[Site "fics, Oklahoma City, OK USA"]
[Date "2000.10.17"]
[White "Gobi"]
[WhiteElo "2378"]
[Black "MyPartner"]
[BlackElo "2371"]
[TimeControl "180+0"]
[Result "0-1"]

1. Nf3 d6 2. e4 e6 3. d4 Nf6 4. Nc3 Nc6 5. d5 exd5 6. exd5 
Ne7 7. Bg5 P@c6 8. Bxf6 gxf6 9. P@g5 Nxd5 10. Nxd5 cxd5 11. gxf6 Qxf6 
12. P@e5 dxe5 13. N@h5 B@a5+ 14. c3 Qc6 15. N@f6+ Kd8 16. Nxd5 P@c2 17. Qxc2 
Qxd5 18. Rd1 N@d4 19. Nxd4 exd4 20. N@f6 Qe5+ 21. P@e3 N@f5 22. Ng4 Qe7 
23. P@f6 Qe8 24. Ng7 Nxg7 25. fxg7 Bxg7 26. N@f6 Qe7 27. Rxd4+ P@d6 28. P@e5 
Bxg4 29. Rxg4 Bxf6 30. exf6 Qxf6 31. B@g5 N@d5 32. Bxf6+ Nxf6 33. B@g5 P@e7 
34. Bxf6 exf6 35. N@d5 P@e7 36. Rg7 N@a1 37. Qd1 N@c2+ 38. Ke2 B@c4+ 39. Kd2 
Bxd5 
{Gobi resigns} 0-1